 Dungeon Crawl Stone Soup version 0.25.1-9-gc5326a611f (webtiles) character file.

Game seed: 1749631839255515602

59079 Skeletalz the Peltast (level 14, -21/86 HPs)
             Began as a Gargoyle Berserker on Jan 1, 2021.
             Was a High Priest of Trog.
             Killed from afar by an orc warrior (39 damage)
             ... with an exploding inner flame
             ... led by an orc warlord
             ... hexed by the player character
             ... on level 2 of the Orcish Mines.
             The game lasted 03:15:51 (23958 turns).

Skeletalz the Peltast (Gargoyle Berserker)         Turns: 23958, Time: 03:15:52

Health: -21/86     AC: 37    Str: 27    XL:     14   Next: 93%
Magic:  0/14       EV:  8    Int: 12    God:    Trog [*****.]
Gold:   2181       SH: 22    Dex: 17    Spells: 13/13 levels left

rFire    . . .     SeeInvis .   q - +2 eveningstar (vorpal)
rCold    . . .     Gourm    .   v - +0 tower shield
rNeg     + + .     Faith    .   n - +6 plate armour "Tubuulo" {Dex+3}
rPois    ∞         Spirit   +   A - +0 helmet
rElec    +         Reflect  .   a - scarf {repulsion}
rCorr    .         Harm     .   y - +0 pair of gloves
MR       ++...                  S - +0 pair of boots
Stlth    ..........             V - amulet "Uxkysaj" {Spirit Int+5}
HPRegen  0.24/turn              H - ring of the Octopus King {rN+ AC+1 EV+1 Str+1 Int+1 Dex+1}
MPRegen  0.14/turn              f - ring of the Lobster {MR+ Int-2 Dex+6}

@: about to teleport, berserk cooldown, slowed, repel missiles, very slow
A: big wings, clumsy 1, negative energy resistance 1, shaggy fur 1, electricity
resistance, unbreathing, petrification resistance, rot immunity, AC +10
a: Fly, Berserk, Trog's Hand, Brothers in Arms, Renounce Religion


You were on level 2 of the Orcish Mines.
You worshipped Trog.
Trog was extremely pleased with you.
You were very hungry.

You visited 4 branches of the dungeon, and saw 20 of its levels.

You collected 2557 gold pieces.
You spent 376 gold pieces at shops.

Inventory:

Hand Weapons
 q - a +2 vorpal eveningstar (weapon)
 T - the +0 morningstar "Earthworm" {elec, *Contam Str+4 Int+2 Dex+6}
   (You found it on level 6 of the Lair of Beasts)

   Occasionally, upon striking a foe, it will discharge some electrical energy
   and cause terrible harm.
   It affects your strength (+4).
   It affects your intelligence (+2).
   It affects your dexterity (+6).
   It causes magical contamination when unequipped.
Missiles
 j - 25 boomerangs (quivered)
Armour
 a - a scarf of repulsion (worn)
 n - the +6 plate armour "Tubuulo" (worn) {Dex+3}
   (You found it on level 2 of the Lair of Beasts)

   It affects your dexterity (+3).
 v - a +0 tower shield (worn)
 y - a +0 pair of gloves (worn)
 A - a +0 helmet (worn)
 E - a +2 plate armour of magic resistance
 S - a +0 pair of boots (worn)
Jewellery
 f - the ring of the Lobster (right hand) {MR+ Int-2 Dex+6}
   (You took it off a gnoll on level 6 of the Dungeon)

   [ring of protection from magic]

   It affects your intelligence (-2).
   It affects your dexterity (+6).
   It affects your resistance to hostile enchantments.
 i - an uncursed ring of magical power
 k - a +4 ring of evasion
 H - a ring of the Octopus King (left hand) {rN+ AC+1 EV+1 Str+1 Int+1 Dex+1}
   (You found it on level 3 of the Lair of Beasts)

   [ring of positive energy]

   It affects your AC (+1).
   It affects your evasion (+1).
   It affects your strength (+1).
   It affects your intelligence (+1).
   It affects your dexterity (+1).
   It protects you from negative energy.
 O - an uncursed amulet of magic regeneration
 U - a +6 ring of intelligence
 V - the amulet "Uxkysaj" (around neck) {Spirit Int+5}
   (You found it on level 5 of the Lair of Beasts)

   [amulet of guardian spirit]

   It causes incoming damage to be split between your health and magic.
   It affects your intelligence (+5).
Wands
 z - a wand of random effects (71)
 B - a wand of acid (5)
 F - a wand of iceblast (7)
 G - a wand of polymorph (11)
 K - a wand of enslavement (6)
Scrolls
 b - 8 scrolls of teleportation
 d - 4 scrolls of amnesia
 l - 3 scrolls of magic mapping
 m - 4 scrolls of fear
 p - a scroll of immolation
 t - 10 scrolls of remove curse
 w - 6 scrolls of enchant weapon
 C - 5 scrolls of blinking
 J - 6 scrolls of enchant armour
 L - a scroll of noise
 N - 16 scrolls of identify
 W - 3 scrolls of random uselessness {unknown}
 Y - a scroll of acquirement {unknown}
 Z - 2 scrolls of silence
Potions
 h - a potion of heal wounds
 o - 3 potions of brilliance
 r - 4 potions of lignification
 s - 3 potions of haste
 u - a potion of mutation
 x - a potion of berserk rage
 D - 4 potions of curing
 M - 3 potions of flight
 P - a potion of stabbing {unknown}
 R - 3 potions of might
 X - a potion of cancellation {unknown}
Miscellaneous
 e - a tin of tremorstones (3/3)
 Q - a phantom mirror
Comestibles
 c - 33 rations
 g - 5 chunks of flesh


   Skills:
 + Level 9.1 Fighting
 - Level 16.0 Maces & Flails
 * Level 10.8 Armour
 - Level 1.5 Dodging
 * Level 16.3 Shields
 - Level 0.6 Evocations


You had 13 spell levels left.
You didn't know any spells.
Your spell library was empty.

Dungeon Overview and Level Annotations

Branches:
Dungeon (11/15)            Temple (1/1) D:4            Lair (6/6) D:9
 Shoals (0/4) Lair:4       Spider (0/4) Lair:3        Slime (0/5) Lair:5
    Orc (2/2) D:11            Elf (0/3) Orc:2

Altars:
Ashenzari
Cheibriados
Dithmenos
Elyvilon
Fedhas
Gozag
Hepliaklqana
Kikubaaqudgha
Makhleb
Nemelex Xobeh
Okawaru
Qazlal
Ru
Sif Muna
Trog
Uskayaw
Vehumet
Wu Jian
Xom
Yredelemnul
Zin
The Shining One
Beogh

Shops:
D:9 }   Orc:2 (}?

Annotations:
D:7 3 runed translucent doors, kalodont's ghost, novice KoEn
D:11 2 transporters, Wyahyklo's ghost, journeyman DsBe
Lair:1 exclusion: 3 oklob plants
Lair:2 exclusion: orange crystal statue
Lair:4 2 runed translucent doors, Quxidoan's ghost, adept TeAE


Innate Abilities, Weirdness & Mutations

You are resistant to torment.
Your stone body is resilient. (AC +10)
You are immune to poison.
Your large and strong wings let you fly indefinitely.
You resist negative energy. (rN+)
You are resistant to electric shocks. (rElec)
You can survive without breathing.
You are immune to petrification.
You are immune to rotting.
You are clumsy. (Dex -2)
You are covered in fur. (AC +1)


Message History

The fiery explosion engulfs the orc!
The orc explodes!
The fiery explosion engulfs the orc warrior!!!
The orc warrior explodes!
The fiery explosion engulfs you!!
* * * LOW HITPOINT WARNING * * *
Trog accepts your kill. x2
The fiery explosion engulfs the orc!!
The orc explodes!
The fiery explosion engulfs the orc priest!!
The orc priest explodes!
The fiery explosion engulfs the orc wizard!!
The orc wizard explodes!
The fiery explosion engulfs the orc!!
You kill the orc!
Trog accepts your kill.
The fiery explosion engulfs the orc warrior!!!
The orc warrior explodes!
The fiery explosion engulfs you!!!
You die...

....###...............###
#..#..#....##########...##
#.........###.. .###..##
#.........# #.. ..# ##..#
.......#.####.. o§# ∩#..#
......#..#.8##§###§##8.##.#
.......8.)....§§§§§.....#.#
.........).)..§§8§oo..._#.#
.......8.'....§§@3oo....#.#
.........#.8##+###o##8.##.#
.........#### .# #..#
..........# # ##..#
..........## ###..##
...........##########...##
......................###
................#.#####
....#..............##


You could see a soul eater (summoned, inner flame), 2 orc high priests, an orc
warrior (inner flame) and an orc (inner flame, strong).

Vanquished Creatures
  An orc warlord (Orc:2)
  A dire elephant (Lair:6)
  Fannar (D:10)
  4 hydras
  A catoblepas (Lair:6)
  A centaur warrior (D:10)
  A two-headed ogre (Orc:1)
  Erica (D:10)
  6 death yaks (Lair:6)
  A deep troll shaman (Lair:6)
  Urug (Lair:3)
  A skeletal warrior (D:11)
  An unseen horror (D:10)
  2 orc knights
  2 ugly things (D:11)
  3 cyclopes
  2 orc sorcerers
  3 manticores (D:11)
  4 black mambas
  Joseph (Lair:1)
  18 elephants
  A merfolk siren (Lair:4)
  6 spiny frogs
  A torpor snail (Lair:6)
  A rime drake (Lair:2)
  6 komodo dragons
  6 trolls
  A hornet (D:11)
  8 blink frogs
  6 hippogriffs
  30 yaks
  2 wyverns
  A human (D:9)
  2 basilisks
  3 hungry ghosts
  A vampire mosquito (D:11)
  Edmund (D:6)
  A two-headed ogre zombie (D:11)
  4 wargs (Orc:1)
  10 water moccasins
  11 porcupines
  24 orc warriors
  3 black bears
  3 ice beasts
  3 phantoms
  2 sky beasts
  2 necrophages
  8 ogres
  2 centaurs
  18 wolves
  16 crocodiles
  17 bullfrogs
  A troll zombie (D:11)
  2 scorpions
  15 killer bees
  3 electric eels (Lair:5)
  8 crimson imps
  2 howler monkeys
  3 bullfrog zombies
  2 quasits
  A centaur zombie (D:9)
  4 hounds
  13 orc priests
  2 jellies
  A gnoll shaman (D:5)
  18 orc wizards
  2 bullfrog skeletons
  5 centaur skeletons
  3 iguanas
  Natasha (thrice) (D:2)
  10 hell rats
  9 worker ants
  6 ogre zombies (D:11)
  A worker ant zombie (D:4)
  Robin (D:4)
  12 adders
  3 gnolls (D:6)
  3 howler monkey skeletons
  5 river rats (Lair:6)
  A shadow imp (D:10)
  An ooze (D:6)
  An adder zombie (D:10)
  An adder skeleton (D:10)
  3 worms
  3 dart slugs
  4 leopard geckos
  73 orcs
  6 giant cockroaches
  25 goblins
  11 hobgoblins
  13 jackals
  6 kobolds
  8 quokkas
  A ball python (D:1)
  16 bats
  6 frilled lizards
  A giant cockroach zombie (D:6)
  2 goblin skeletons (D:11)
  2 goblin zombies (D:11)
  4 hobgoblin skeletons (D:11)
  4 hobgoblin zombies (D:11)
  2 orc skeletons (D:11)
  11 orc zombies (D:11)
  A quokka skeleton (D:9)
  21 rats
621 creatures vanquished.

Vanquished Creatures (collateral kills)
  Gastronok (Orc:1)
  An orc warlord (Orc:1)
  A two-headed ogre (D:8)
  A hydra (Lair:1)
  Nergalle (D:10)
  A cyclops (D:10)
  A troll (D:10)
  7 yaks (D:10)
  A warg (Orc:2)
  5 orc warriors
  A black bear (Lair:6)
  A wolf (Lair:6)
  2 ogres (D:10)
  2 howler monkeys (D:10)
  2 orc priests
  2 hounds (D:10)
  2 orc wizards
  A centaur skeleton (D:9)
  A worker ant (D:8)
  A leopard gecko (D:10)
  12 orcs
  A butterfly (Lair:1)
48 creatures vanquished.

Vanquished Creatures (others)
  6 fungi
  4 plants
10 creatures vanquished.

Grand Total: 679 creatures vanquished

Notes
Turn   | Place    | Note
-------+----------+-------------------------------------------
     0 | D:1      | Skeletalz the Gargoyle Berserker began the quest for the
                  | Orb.
     0 | D:1      | Reached XP level 1. HP: 14/14 MP: 1/1
   127 | D:1      | Reached XP level 2. HP: 19/19 MP: 2/2
   401 | D:1      | Found a shattered altar of Ashenzari.
   427 | D:1      | Reached ** piety under Trog
   493 | D:1      | Reached XP level 3. HP: 15/23 MP: 3/3
  1181 | D:2      | Noticed Natasha
  1428 | D:2      | Killed Natasha
  1428 | D:2      | Reached XP level 4. HP: 24/28 MP: 4/4
  1479 | D:2      | Reached skill level 5 in Maces & Flails
  1651 | D:2      | Noticed Natasha
  1661 | D:2      | Killed Natasha
  1661 | D:2      | Reached XP level 5. HP: 32/32 MP: 5/5
  2098 | D:2      | Noticed Natasha
  2107 | D:2      | Killed Natasha
  2234 | D:3      | Reached *** piety under Trog
  2430 | D:3      | Reached XP level 6. HP: 32/37 MP: 6/6
  3113 | D:4      | Noticed Robin
  3124 | D:4      | Reached **** piety under Trog
  3140 | D:4      | Killed Robin
  3370 | D:4      | Reached XP level 7. HP: 39/41 MP: 7/7
  3781 | D:4      | Found an ornate altar of the Wu Jian Council.
  4021 | D:4      | Reached XP level 8. HP: 35/46 MP: 8/8
  4357 | D:4      | Found a staircase to the Ecumenical Temple.
  4366 | Temple   | Entered the Ecumenical Temple
  4681 | D:5      | Entered Level 5 of the Dungeon
  5356 | D:5      | Found a hide-covered altar of Uskayaw.
  5356 | D:5      | Noticed a +0 dagger
  5357 | D:5      | Noticed a +0 hand axe
  5375 | D:5      | Reached skill level 10 in Maces & Flails
  5428 | D:5      | Found an opulent altar of Gozag.
  5955 | D:6      | Reached ***** piety under Trog
  5961 | D:6      | Identified the ring of the Lobster {MR+ Int-2 Dex+6}
  6085 | D:6      | Found an ancient bone altar of Kikubaaqudgha.
  6085 | D:6      | Noticed Edmund
  6103 | D:6      | Killed Edmund
  6214 | D:6      | Reached XP level 9. HP: 47/51 MP: 9/9
  6649 | D:7      | Found a white marble altar of Elyvilon.
  6651 | D:7      | Found a glowing silver altar of Zin.
  6652 | D:7      | Found a glowing golden altar of the Shining One.
  6942 | D:7      | Found a snail-covered altar of Cheibriados.
  6942 | D:7      | Found a shimmering altar of Xom.
  6947 | D:7      | Found a faded altar of an unknown god.
  6949 | D:7      | Found a basalt altar of Yredelemnul.
  6950 | D:7      | Found a faded altar of an unknown god.
  7073 | D:7      | Found a runed translucent gate.
  7073 | D:7      | Found a runed translucent gate.
  7073 | D:7      | Found a runed translucent gate.
  7075 | D:7      | Noticed kalodont's ghost (novice KoEn)
  7462 | D:8      | Noticed a two-headed ogre
  7469 | D:8      | Killed a two-headed ogre
  7481 | D:8      | Found a blossoming altar of Fedhas.
  7749 | D:8      | Reached XP level 10. HP: 55/56 MP: 10/10
  8152 | D:9      | Found a stormy altar of Qazlal.
  8157 | D:9      | Found Lilyod's Gadget Emporium.
  8199 | D:9      | Reached skill level 1 in Shields
  8581 | D:9      | Found a staircase to the Lair.
  8948 | D:9      | Found a sparkling altar of Nemelex Xobeh.
  9525 | D:10     | Entered Level 10 of the Dungeon
  9714 | D:10     | Noticed Erica
  9746 | D:10     | Killed Erica
  9746 | D:10     | Reached skill level 5 in Shields
  9752 | D:10     | Received a gift from Trog
  9798 | D:10     | Noticed Nergalle
  9944 | D:10     | Reached skill level 5 in Fighting
  9944 | D:10     | Reached XP level 11. HP: 63/63 MP: 11/11
  9948 | D:10     | Reached skill level 5 in Armour
  9960 | D:10     | Found a blossoming altar of Fedhas.
 10005 | D:10     | Noticed a cyclops
 10030 | D:10     | Killed a cyclops
 10602 | D:10     | Killed an unseen horror
 10672 | D:10     | Noticed Fannar
 10847 | D:10     | Noticed a centaur warrior
 10870 | D:10     | Killed a centaur warrior
 10895 | D:10     | Noticed a cyclops
 10907 | D:10     | Killed a cyclops
 10925 | D:10     | Killed Nergalle
 11411 | Lair:1   | Entered Level 1 of the Lair of Beasts
 11429 | Lair:1   | Noticed a five-headed hydra
 11436 | Lair:1   | Killed a five-headed hydra
 11800 | Lair:1   | Reached skill level 10 in Shields
 11945 | Lair:1   | Reached XP level 12. HP: 71/71 MP: 12/12
 12372 | Lair:1   | Noticed Joseph
 12390 | Lair:1   | Killed Joseph
 13230 | Lair:2   | Got a shimmering plate armour
 13231 | Lair:2   | Identified the +6 plate armour "Tubuulo" {Dex+3} (You found
                  | it on level 2 of the Lair of Beasts)
 14260 | Lair:3   | Noticed a seven-headed hydra
 14275 | Lair:3   | Killed a seven-headed hydra
 14582 | Lair:3   | Noticed Urug
 14597 | Lair:3   | Killed Urug
 14814 | Lair:3   | Reached XP level 13. HP: 78/78 MP: 13/13
 14903 | Lair:3   | Found the ring of the Octopus King
 14910 | Lair:3   | Got a ring of the Octopus King
 14913 | Lair:3   | Identified a ring of the Octopus King {rN+ AC+1 EV+1 Str+1
                  | Int+1 Dex+1} (You found it on level 3 of the Lair of
                  | Beasts)
 14983 | Lair:3   | Found a hole to the Spider Nest.
 15017 | Lair:3   | Received a gift from Trog
 16081 | Lair:4   | Found a large runed translucent door.
 16082 | Lair:4   | Found a large runed translucent door.
 16085 | Lair:4   | Noticed Quxidoan's ghost (adept TeAE)
 16208 | Lair:4   | Found a staircase to the Shoals.
 16574 | Lair:5   | Gained mutation: You are clumsy. (Dex -2) [potion of
                  | mutation]
 16574 | Lair:5   | Gained mutation: You are covered in fur. (AC +1) [potion of
                  | mutation]
 17053 | Lair:5   | Got a clouded crystal amulet
 17054 | Lair:5   | Identified the amulet "Uxkysaj" {Spirit Int+5} (You found
                  | it on level 5 of the Lair of Beasts)
 17259 | Lair:5   | Found a staircase to the Slime Pits.
 17519 | Lair:6   | Entered Level 6 of the Lair of Beasts
 17901 | Lair:6   | Reached skill level 10 in Armour
 18214 | Lair:6   | Reached skill level 15 in Shields
 19208 | Lair:6   | Noticed a dire elephant
 19233 | Lair:6   | Gained mutation: Your large and strong wings let you fly
                  | indefinitely. [Gargoyle growth]
 19233 | Lair:6   | Reached XP level 14. HP: 64/84 MP: 12/14
 19290 | Lair:6   | Killed a dire elephant
 19775 | Lair:6   | Got a scorched morningstar
 19788 | Lair:6   | Identified the cursed +0 morningstar "Earthworm" {elec,
                  | *Contam Str+4 Int+2 Dex+6} (You found it on level 6 of the
                  | Lair of Beasts)
 20150 | D:10     | Killed Fannar
 20611 | D:11     | Received a gift from Trog
 20679 | D:11     | Found a transporter.
 20680 | D:11     | Noticed Wyahyklo's ghost (journeyman DsBe)
 20681 | D:11     | Found a transporter.
 20951 | D:11     | Found a staircase to the Orcish Mines.
 21542 | Orc:1    | Entered Level 1 of the Orcish Mines
 21579 | Orc:1    | Reached skill level 15 in Maces & Flails
 21639 | Orc:1    | Received a gift from Trog
 21783 | Orc:1    | Noticed Gastronok
 21786 | Orc:1    | Noticed an orc warlord
 21796 | Orc:1    | Killed an orc warlord
 21798 | Orc:1    | Killed Gastronok
 22150 | Orc:2    | Entered Level 2 of the Orcish Mines
 23033 | Orc:2    | Found a roughly hewn altar of Beogh.
 23071 | Orc:2    | Found a roughly hewn altar of Beogh.
 23220 | Orc:2    | Found a staircase to the Elven Halls.
 23317 | Orc:2    | Found a roughly hewn altar of Beogh.
 23330 | Orc:2    | Received a gift from Trog
 23357 | Orc:2    | Found Kilie's Magic Scroll Shoppe.
 23374 | Orc:2    | Bought a scroll of fog for 26 gold pieces
 23374 | Orc:2    | Bought a scroll of identify for 26 gold pieces
 23374 | Orc:2    | Bought a scroll of identify for 26 gold pieces
 23374 | Orc:2    | Bought a scroll of identify for 26 gold pieces
 23374 | Orc:2    | Bought a scroll of blinking for 97 gold pieces
 23374 | Orc:2    | Bought a scroll of enchant weapon for 97 gold pieces
 23374 | Orc:2    | Bought 3 scrolls of identify for 78 gold pieces
 23643 | Orc:2    | Found a roughly hewn altar of Beogh.
 23668 | Orc:2    | Found a roughly hewn altar of Beogh.
 23729 | Orc:2    | Found a roughly hewn altar of Beogh.
 23756 | Orc:2    | Found Coirodam's Gadget Shoppe.
 23931 | Orc:2    | Noticed an orc warlord
 23947 | Orc:2    | Killed an orc warlord
 23948 | Orc:2    | Found a roughly hewn altar of Beogh.
 23948 | Orc:2    | Found Awoycum's Antique Weapon Shop.
 23958 | Orc:2    | Killed from afar by an orc warrior

Illustrated notes

Levels and vault maps discovered:
D:1:      ncdulo_lavacross, layout_basic, evilmike_ruin_ashenzari
D:2:      layout_loops_cross, hangedman_decor_slide_cut, minmay_quadrilaterals,
          uniq_natasha
D:3:      layout_rooms, first_ration
D:4:      layout_gridville, nicolae_overflow_hidden_temple, temple_hall,
          kennysheep_small_square, uniq_robin
D:5:      layout_basic, dancing_weapons_uskayaw, marbit_many_paths,
          corner_web_ring, chequers_serial_rivers_large_b, minmay_ogre_servants
D:6:      layout_rooms, kiku_gazebo_pond_becter, uniq_edmund
D:7:      layout_loops_ring, good_gods_temple_1,
          chequers_temple_overflow_minitemple, gammafunk_ghost_necromancy
D:8:      layout_cave_pools, lemuel_coloured_pillars_altar
D:9:      layout_stronghold, lemuel_crystal_altar, lemuel_crystal_altar,
          david_lair_generic, serial_shops, shop, grunt_pizzeria
D:10:     hangedman_cross_cluster, layout_rooms, fedhas_altar_4, uniq_erica,
          uniq_nergalle, uniq_fannar
D:11:     layout_rooms, zombieorc2_lemuel, gammafunk_ghost_smash,
          minmay_the_grid_square_5x5_3x3_mashed
          [minmay_the_grid_square_5x5_eight_small, minmay_the_grid_square_5x5_v,
          minmay_the_grid_square_5x5_forky,
          minmay_the_grid_square_5x5_tetrominoes,
          minmay_the_grid_square_5x5_megaprize_checkered,
          minmay_the_grid_square_5x5_six,
          minmay_the_grid_square_5x5_two_walls_a,
          minmay_the_grid_square_5x5_percent, minmay_the_grid_square_5x5_tie]
Temple:   dpeg_three_leaves_temple
Lair:1:   dpeg_oklob_gauntlet, layout_regular_city, serial_bayou_pond_e,
          lemuel_fruit_fields, uniq_joseph
Lair:2:   layout_chaotic_city, chequers_serial_rivers_marsh, minmay_holes,
          disabler_island
Lair:3:   layout_long_grid, dummy_spider_entry, grunt_megastairs_3, uniq_urug
Lair:4:   layout_loops_ring, minmay_shoals_entry_lonely_mermaid,
          ebering_ghost_disaster_area
Lair:5:   layout_concentric_octagons, dpeg_slime_entry_corner,
          fungi_pond_lemuel, serial_bayou_shore_a
Lair:6:   grunt_lair_end_beastmaster, layout_long_grid,
          kennysheep_abandoned_house, infiniplex_staircase_pool
Orc:1:    layout_diamond_mine, uniq_gastronok
Orc:2:    grunt_orc_community_town_hall, layout_caves,
          grunt_orc_community_big_house_1, grunt_orc_community_big_house_2,
          grunt_orc_community_house_3, grunt_orc_community_house_3,
          grunt_orc_community_house_1, grunt_orc_community_house_1,
          grunt_orc_community_house_2, grunt_orc_community_house_2

Skill      XL: |  1  2  3  4  5  6  7  8  9 10 11 12 13 14 |
---------------+-------------------------------------------+-----
Maces & Flails | 4 5 6 7 9 11 13 14 16 | 16.0
Shields        | 6 10 13 15 16 | 16.3
Fighting       | 5 6 7 8 9 |  9.1
Armour         | 4 7 9 10 | 10.8
Dodging        | |  1.5
Evocations     | |  0.6

Action                   |  1- 3 |  4- 6 |  7- 9 | 10-12 | 13-15 || total
-------------------------+-------+-------+-------+-------+-------++-------
Melee: Mace              |   114 |   250 |   143 |       |       ||   507
       Flail             |       |       |   294 |   758 |   424 ||  1476
       Whip              |       |       |       |       |   440 ||   440
       Eveningstar       |       |       |       |       |   470 ||   470
       Morningstar       |       |       |       |       |    58 ||    58
Throw: Stone             |     3 |       |       |       |       ||     3
       Boomerang         |       |       |     5 |     3 |     6 ||    14
Invok: Berserk           |     1 |     5 |     9 |    11 |     6 ||    32
       Trog's Hand       |     1 |       |       |     2 |     1 ||     4
       Brothers in Arms  |       |       |     1 |     5 |     3 ||     9
  Use: Scroll            |       |     1 |    10 |    11 |     8 ||    30
       Potion            |       |       |     2 |     6 |     5 ||    13
 Stab: Distracted        |       |       |     1 |     2 |     1 ||     4
       Petrified         |       |       |       |       |    80 ||    80
       Petrifying        |       |       |       |       |     4 ||     4
  Eat: Chunk             |     1 |    13 |    19 |    26 |    32 ||    91
       Ration            |       |       |     1 |     3 |     2 ||     6
Armor: Leather armour    |    32 |       |       |       |       ||    32
       Scale mail        |    45 |   157 |   232 |   100 |       ||   534
       Plate armour      |       |       |       |   106 |   469 ||   575
Dodge: Dodged            |    95 |   135 |   216 |    99 |   201 ||   746
       Repelled          |       |       |       |       |     1 ||     1
Block: Tower shield      |       |       |       |   513 |  1105 ||  1618
